 Dungeon Crawl Stone Soup version 0.18-a0-1121-gb454403 (webtiles) character file.

16842 ater218 the Protected (level 12, -2/112 HPs)
             Began as a Minotaur Berserker on Jan 18, 2016.
             Was a Priest of Trog.
             Slain by a 13-headed hydra (8 damage)
             ... on level 3 of the Lair of Beasts.
             The game lasted 00:46:06 (13831 turns).

ater218 the Protected (Minotaur Berserker)         Turns: 13831, Time: 00:46:07

Health: -2/112     AC: 23    Str: 32    XL:     12   Next: 13%
Magic:  11/11      EV: 12    Int:  4    God:    Trog [***...]
Gold:   646        SH:  0    Dex: 10    Spells: 0 memorised, 11 levels left

rFire  . . .     SeeInvis .     A - -1 glaive
rCold  + + .     Gourm    .     v - +1 plate armour
rNeg   . . .     Faith    .     (shield currently unavailable)
rPois  .         Spirit   .     (helmet restricted)
rElec  .         Dismiss  .     y - +0 cloak
rCorr  .         Reflect  .     k - +0 pair of gloves
SustAt .         Harm     .     t - +1 pair of boots
MR     ++...                    C - amulet of regeneration
Stlth  ..........               (no ring)
                                B - ring of protection from cold

@: mighty, exhausted, regenerating, slowed, very slow, very resistant to hostile
enchantments, extremely unstealthy
A: retaliatory headbutt, horns 2, cold resistance 1, wild magic 1, sturdy frame
1
a: Berserk, Trog's Hand, Burn Spellbooks, Renounce Religion


You were on level 3 of the Lair of Beasts.
You worshipped Trog.
Trog was most pleased with you.
You were near starving.

You visited 3 branches of the dungeon, and saw 14 of its levels.

You collected 646 gold pieces.

Inventory:

Hand Weapons
 A - a -1 glaive (weapon)
Armour
 k - a +0 pair of gloves (worn)
 t - a +1 pair of boots (worn)
 v - a +1 plate armour (worn)
 y - a +0 cloak (worn)
Jewellery
 B - a ring of protection from cold (left hand)
 C - an amulet of regeneration (around neck)
Wands
 d - a wand of lightning (4/15)
 e - a wand of draining (15/15)
 h - a wand of draining (9/15)
 n - a wand of flame (33/48)
 p - a wand of random effects (31/48)
 s - a wand of confusion (40/48)
 z - a wand of enslavement (9/24)
 D - a wand of frost (19/48)
 E - a wand of hasting (5/9)
 H - a wand of polymorph (6/24)
Scrolls
 b - a scroll of teleportation
 o - 2 scrolls of remove curse
 q - 3 scrolls of identify
 w - 3 scrolls of fear
 x - a scroll of enchant armour
Potions
 i - a potion of agility
 r - 9 potions of flight
 F - a potion of haste
 G - 2 potions of berserk rage
Comestibles
 a - 7 fruits
 c - 5 bread rations
 f - 2 beef jerkies
 j - 6 royal jellies
 m - 3 slices of pizza
 u - 2 meat rations
 I - 32 chunks of flesh


   Skills:
 + Level 11.8 Fighting
 + Level 12.9 Polearms
 + Level 14.1 Armour
 + Level 8.0 Dodging


You had 11 spell levels left.
You didn't know any spells.

Dungeon Overview and Level Annotations

Branches:
Dungeon (10/15)            Temple (1/1) D:7            Lair (3/8) D:10
  Swamp (0/4) Lair:3
  Snake: Lair:3-6    Spider: Lair:3-6       Orc: D:9-12

Altars:
Ashenzari
Dithmenos
Elyvilon
Nemelex Xobeh
Qazlal
Ru
Trog
Xom

Annotations:
Lair:1 exclusion: oklob plant


Innate Abilities, Weirdness & Mutations

You reflexively headbutt those who attack you in melee.
You have a pair of horns on your head.
Your flesh is cold resistant.
Your spells are a little harder to cast, but a little more powerful.
Your movements are slightly less encumbered by armour (ER -2).


Message History

* * * LOW HITPOINT WARNING * * *
Your skin crawls.
You feel resistant to hostile enchantments.
You feel slightly more hungry.
You can no longer call in reinforcements.
The 12-headed hydra bites you.
* * * LOW HITPOINT WARNING * * *
The 12-headed hydra bites you!
* * * LOW HITPOINT WARNING * * *
The 12-headed hydra bites you but does no damage. x5
The 12-headed hydra bites you.
* * * LOW HITPOINT WARNING * * *
The 12-headed hydra bites you but does no damage. x4
You're too exhausted to go berserk.
You lop one of the 12-headed hydra's heads off!
The 11-headed hydra grows two more!
You slash the 13-headed hydra!
The 13-headed hydra is moderately wounded.
You are near starving!
The 13-headed hydra bites you!
You die...

≈♣≈P≈P........
##..P♣♣♣♣♣≈P....... .
#..P≈♣ ♣PPP...... ..
#..P≈♣♣ ♣≈PP...... ...#
##.P≈≈♣♣♣♣P........
....##.P≈≈≈♣≈≈≈≈........
.........P≈≈≈≈PP÷.......
.......##..PPPP...<.....
.......@D.....<÷##......
............÷...##......
............†..##........
.
.....?.....÷.###........
..#..#.......###
#.......# ....##......##
#........ #........(.#
##....... ##......###
##......# ###...##
#......##


You could see a 13-headed hydra.

Vanquished Creatures
  Erica (D:9)
  An unseen horror (D:9)
  3 hill giants (D:10)
  Pikel (D:5)
  An ugly thing (D:9)
  A centaur zombie (D:10)
  Joseph (Lair:1)
  7 elephants
  9 spiny frogs
  A komodo dragon (Lair:1)
  4 blink frogs (Lair:1)
  Grum (D:8)
  5 yaks (Lair:2)
  2 hippogriffs
  3 wolves (D:8)
  3 water moccasins
  3 porcupines
  3 phantoms
  3 ice beasts
  3 slaves (D:5)
  2 necrophages
  4 ogres
  3 black bears
  2 centaurs
  3 crocodiles
  4 giant frogs
  3 scorpions
  6 killer bees (D:8)
  2 water moccasin skeletons
  3 spriggan skeletons (D:9)
  A troll skeleton (D:9)
  3 wights (D:8)
  7 crimson imps
  4 jellies
  A giant frog zombie (D:5)
  A quasit (D:9)
  5 orc priests
  6 hounds
  9 orc wizards
  6 centaur skeletons
  Jessica (D:2)
  A giant frog skeleton (D:4)
  7 worker ants
  7 iguanas
  5 sheep
  A hound zombie (D:7)
  A hound skeleton (D:6)
  A worker ant zombie (D:5)
  10 adders
  10 river rats (Lair:1)
  3 shadow imps
  An ooze (D:2)
  2 adder skeletons
  5 giant geckos
  29 orcs
  A giant cockroach (D:3)
  13 goblins
  5 hobgoblins
  8 jackals
  10 kobolds
  A quokka (D:7)
  A ball python (D:1)
  8 bats
  5 giant newts
  A jackal skeleton (D:7)
  7 rats
  A butterfly (D:6)
276 creatures vanquished.

Vanquished Creatures (others)
  A wizard (D:3)
  A scorpion (D:5)
  A plant (Lair:1)
3 creatures vanquished.

Grand Total: 279 creatures vanquished

Notes
Turn   | Place    | Note
--------------------------------------------------------------
     0 | D:1      | ater218 the Minotaur Berserker began the quest for the Orb.
     0 | D:1      | Reached XP level 1. HP: 19/19 MP: 0/0
   353 | D:1      | Reached skill level 4 in Fighting
   353 | D:1      | Reached XP level 2. HP: 27/27 MP: 1/1
   805 | D:1      | Reached XP level 3. HP: 33/33 MP: 2/2
   981 | D:2      | Noticed Jessica
   989 | D:2      | Killed Jessica
  1010 | D:2      | Reached ** piety under Trog
  1128 | D:2      | Reached XP level 4. HP: 41/41 MP: 3/3
  1129 | D:2      | Found a shattered altar of Ashenzari.
  1575 | D:3      | Found a bloodstained altar of Trog.
  1576 | D:3      | Noticed a wizard
  1581 | D:3      | Killed a wizard
  1829 | D:3      | Reached skill level 5 in Polearms
  1831 | D:3      | Reached XP level 5. HP: 34/47 MP: 4/4
  2099 | D:3      | Reached *** piety under Trog
  2200 | D:3      | Reached skill level 5 in Fighting
  2320 | D:3      | Found a stormy altar of Qazlal.
  2430 | D:3      | Reached XP level 6. HP: 56/56 MP: 5/5
  2941 | D:4      | Reached skill level 6 in Polearms
  2941 | D:4      | Reached skill level 5 in Dodging
  2941 | D:4      | Reached XP level 7. HP: 61/61 MP: 6/6
  3773 | D:4      | Got a faintly humming leather armour
  3784 | D:4      | Identified the +3 leather armour "Falastro" {rF++ rC- rN+++ Int-4} (You found it on level 4 of the Dungeon)
  3784 | D:4      | Lost intelligence.
  3879 | D:5      | Entered Level 5 of the Dungeon
  4212 | D:5      | Reached skill level 5 in Armour
  4449 | D:5      | Reached XP level 8. HP: 34/70 MP: 7/7
  4591 | D:5      | Noticed Pikel
  4625 | D:5      | Killed Pikel
  4625 | D:5      | Reached skill level 7 in Polearms
  5466 | D:6      | Gained mutation: Your flesh is cold resistant. [potion of mutation]
  5466 | D:6      | Gained mutation: Your movements are slightly less encumbered by armour (ER -2). [potion of mutation]
  5466 | D:6      | Gained mutation: Your spells are a little harder to cast, but a little more powerful. [potion of mutation]
  5571 | D:6      | Identified the Tome of Glacial Confrontation
  5581 | D:6      | Found a white marble altar of Elyvilon.
  5581 | D:6      | Found a sacrificial altar of Ru.
  5582 | D:6      | Found a sparkling altar of Nemelex Xobeh.
  5608 | D:6      | Reached skill level 8 in Polearms
  5799 | D:6      | Reached XP level 9. HP: 52/78 MP: 8/8
  5806 | D:6      | Reached **** piety under Trog
  5930 | D:6      | Found a shimmering altar of Xom.
  6062 | D:6      | Found a shadowy altar of Dithmenos.
  6715 | D:7      | Found a staircase to the Ecumenical Temple.
  6722 | D:7      | Reached skill level 9 in Armour
  6758 | Temple   | Entered the Ecumenical Temple
  7418 | D:8      | Received a gift from Trog
  7655 | D:8      | Got a distressingly furry ring mail
  7666 | D:8      | Identified the cursed +0 ring mail "Gilop Fuo" {rC+ MR+ SInv} (You found it on level 8 of the Dungeon)
  7748 | D:8      | Noticed Grum
  7776 | D:8      | Reached skill level 10 in Armour
  7785 | D:8      | Killed Grum
  7890 | D:8      | Reached XP level 10. HP: 90/90 MP: 9/9
  7952 | D:8      | Reached skill level 10 in Polearms
  8451 | D:9      | Noticed a green ugly thing
  8460 | D:9      | Killed a green ugly thing
  8768 | D:9      | Noticed Erica
  8799 | D:9      | Killed Erica
  8799 | D:9      | Reached skill level 11 in Armour
  9016 | D:9      | Killed an unseen horror
  9426 | D:10     | Entered Level 10 of the Dungeon
  9474 | D:10     | Noticed a hill giant
  9518 | D:10     | Killed a hill giant
  9518 | D:10     | Reached skill level 10 in Fighting
  9741 | D:10     | Noticed a hill giant
  9755 | D:10     | Killed a hill giant
  9910 | D:10     | Reached skill level 12 in Armour
  9926 | D:10     | Reached XP level 11. HP: 98/100 MP: 10/10
 10372 | D:10     | Noticed a hill giant
 10389 | D:10     | Killed a hill giant
 10449 | D:10     | Found a staircase to the Lair.
 10471 | Lair:1   | Entered Level 1 of the Lair of Beasts
 11089 | Lair:1   | Noticed Joseph
 11096 | Lair:1   | Killed Joseph
 11253 | Lair:1   | Reached skill level 13 in Armour
 11881 | Lair:1   | Noticed an oklob plant
 13662 | Lair:3   | Reached XP level 12. HP: 111/111 MP: 11/11
 13667 | Lair:3   | Reached skill level 14 in Armour
 13785 | Lair:3   | Found a staircase to the Swamp.
 13786 | Lair:3   | Noticed an eight-headed hydra
 13830 | Lair:3   | HP: 3/112 [12-headed hydra (3)]
 13831 | Lair:3   | Slain by a 13-headed hydra

Vault maps used:
D:1:      ncdulo_smallfort
D:2:      ashenzari_altar_1, uniq_jessica
D:3:      nicolae_qazlal_eye_of_the_storm, trog_wizard
D:4:      first_bread
D:5:      uniq_pikel
D:6:      xom_butterflies, gammafunk_temple_overflow_claw, basic_altar,
          item_on_display_a
D:7:      minmay_temple_entry_grid
D:8:      uniq_grum
D:9:      hangedman_tell_no_tales, uniq_erica
D:10:     david_lair_generic, orc_0_dummy
Temple:   water_room_temple_a_12
Lair:1:   minmay_lair_oklob_items, uniq_joseph
Lair:2:   minivault_19
Lair:3:   minmay_swamp_entry_reptiles, serial_bayou_pond_c

Action                   |  1- 3 |  4- 6 |  7- 9 | 10-12 || total
-------------------------+-------+-------+-------+-------++-------
Melee: Spear             |    76 |   179 |   392 |       ||   647
       Scythe            |       |       |    43 |       ||    43
       Glaive            |       |       |     5 |   422 ||   427
Invok: Trog's Hand       |       |     3 |     7 |    13 ||    23
       Berserk           |       |     3 |     6 |     8 ||    17
       Burn Spellbooks   |       |       |     4 |       ||     4
  Use: Scroll            |     5 |       |     7 |     7 ||    19
       Potion            |       |       |    11 |     6 ||    17
 Stab: Distracted        |       |       |       |     1 ||     1
  Eat: Fruit             |     1 |       |     6 |     3 ||    10
       Chunk             |       |     8 |    10 |    15 ||    33
       Bread ration      |       |       |     2 |     2 ||     4
       Beef jerky        |       |       |       |     2 ||     2
